AoeStats
← Not noob.Just tired.

Arena

505635564Analyzed
4v4 RM · 23d ago on Sep 10, 2026· 55m 14s· 8 players
Game mode
Random Map
Map size
Large (8 player)
Population
200
Speed
Normal
Resources
Standard
Victory
Conquest
Starting age
Dark Age
Ending age
Imperial Age
RankedLock teamsTeams togetherTeam positionsShared explorationLock speedFull tech treeHidden civsTurbo modeCheats
Victory
Defeat
🇨🇳 Britons · China
1560
+11
🇩🇪 Sicilians · Germany
1444
+16
🇭🇰 Khmer · Hong Kong SAR China
1411
+17
1327
+20
🇨🇳 Khmer · China
1481
-18
1441
-16
🇩🇪 Bulgarians · Germany
1435
-16
🇨🇳 Wei · China
1380
-14
爱烤番薯的机长
11:30 Feudal Age
15:20 Castle Age
13:33 Double-Bit Axe
13:56 Horse Collar
17:13 Wheelbarrow
17:11 Bow Saw
19:44 Loom
20:03 Town Watch
22:18 Fletching
24:13 Hand Cart
24:51 Gold Mining
28:40 Imperial Age
26:35 Heavy Plow
26:43 Stone Mining
27:27 Bodkin Arrow
27:43 Padded Archer Armor
28:30 Leather Archer Armor
29:07 Stone Shaft Mining
28:55 Ballistics
30:23 Bracer
31:26 Chemistry
31:09 Elite Rattan Archer
32:51 Fortified Wall
33:57 Thumb Ring
33:35 Onager
36:28 Ring Archer Armor
36:38 Hoardings
36:53 Guilds
37:33 Siege Engineers
37:08 Treadmill Crane
40:07 Paper Money
42:30 Two-Man Saw
41:44 Scale Mail Armor
41:55 Forging
43:05 Murder Holes
42:50 Pikeman
43:31 Squires
44:36 Chain Mail Armor
44:56 Iron Casting
44:44 Halberdier
48:05 Plate Mail Armor
48:20 Arson
49:14 Caravan
50:48 Bombard Tower
52:41 Capped Ram
54:00 Scale Barding Armor
55:40 Bloodlines
55:30 Husbandry
rikardo_latino
10:53 Feudal Age
15:16 Castle Age
13:21 Double-Bit Axe
13:31 Horse Collar
15:48 Loom
17:48 Wheelbarrow
25:13 Redemption
30:29 Hand Cart
30:46 Fletching
31:09 Forging
31:02 Gambesons
31:18 Squires
32:36 Scale Mail Armor
33:12 Iron Casting
33:29 Chain Mail Armor
35:50 Gold Mining
35:50 Stone Mining
37:54 Arson
Not noob.Just tired.
11:00 Feudal Age
12:06 Double-Bit Axe
12:21 Horse Collar
15:02 Castle Age
16:44 Wheelbarrow
17:28 Bow Saw
19:04 Heavy Plow
20:59 Gold Mining
22:27 Hand Cart
22:22 Stone Mining
23:51 Gold Shaft Mining
28:39 Imperial Age
25:56 Loom
25:57 Town Watch
26:32 Scale Barding Armor
26:56 Bloodlines
26:47 Husbandry
27:35 Forging
28:37 Chain Barding Armor
29:08 Ballistics
28:39 Fletching
29:17 Bodkin Arrow
28:52 Heavy Hei Guang Cavalry
30:09 Iron Casting
30:13 Thumb Ring
30:35 Parthian Tactics
30:12 Bracer
30:26 Tuntian
31:53 Blast Furnace
30:20 Light Cavalry
32:40 Chemistry
32:15 Conscription
32:57 Padded Archer Armor
33:32 Ming Guang Armor
33:13 Town Patrol
33:55 Leather Archer Armor
34:24 Hussar
36:46 Ring Archer Armor
37:07 Masonry
42:06 Scale Mail Armor
45:54 Fortified Wall
45:16 Onager
MrFUNAN
9:39 Feudal Age
13:49 Castle Age
12:10 Double-Bit Axe
15:05 Bow Saw
20:43 Horse Collar
22:09 Heavy Plow
22:57 Wheelbarrow
23:45 Gold Mining
25:47 Gold Shaft Mining
25:39 Loom
28:47 Imperial Age
29:04 Imperial Age
26:27 Stone Mining
28:20 Bloodlines
28:24 Forging
28:32 Scale Mail Armor
28:39 Scale Barding Armor
28:38 Husbandry
30:05 Elite Battle Elephant
31:22 Iron Casting
31:40 Conscription
31:44 Tusk Swords
32:12 Chain Barding Armor
32:14 Town Watch
32:52 Conscription
32:41 Tusk Swords
32:14 Pikeman
33:42 Conscription
34:31 Blast Furnace
34:53 Plate Barding Armor
36:05 Scale Mail Armor
35:32 Halberdier
36:52 Chain Mail Armor
39:20 Arson
41:47 Coinage
41:21 Capped Ram
43:24 Banking
43:11 Fletching
44:02 Stone Shaft Mining
42:56 Light Cavalry
44:17 Hussar
51:22 Heavy Scorpion
53:28 Double Crossbow
三姓家nacho
10:54 Feudal Age
13:49 Castle Age
12:01 Double-Bit Axe
12:12 Horse Collar
14:55 Bow Saw
17:43 Loom
20:38 Wheelbarrow
21:13 Wheelbarrow
22:36 Hand Cart
22:44 Gold Mining
23:07 Stone Mining
27:47 Imperial Age
26:02 Scale Barding Armor
26:07 Forging
26:45 Gold Shaft Mining
27:52 Chain Barding Armor
27:34 Town Watch
28:28 Iron Casting
28:05 Bloodlines
27:55 Husbandry
28:02 Elite Battle Elephant
29:06 Town Patrol
30:12 Plate Barding Armor
30:56 Tusk Swords
32:48 Conscription
33:59 Blast Furnace
36:04 Double Crossbow
37:37 Ballistics
38:17 Chemistry
40:23 Siege Engineers
39:49 Heavy Scorpion
40:05 Light Cavalry
43:28 Hoardings
42:39 Elite Ballista Elephant
42:49 Sappers
45:56 Caravan
46:37 Hussar
49:12 Fletching
49:22 Padded Archer Armor
49:45 Elite Skirmisher
50:34 Bodkin Arrow
51:51 Bracer
53:41 Leather Archer Armor
DT-Johnson【东】
10:50 Feudal Age
11:37 Double-Bit Axe
14:32 Castle Age
12:48 Horse Collar
15:42 Bow Saw
15:33 Heavy Plow
16:54 Wheelbarrow
21:01 Loom
23:56 Stone Mining
27:07 Fletching
34:01 Gold Mining
36:36 Hand Cart
39:53 Imperial Age
38:07 Bodkin Arrow
38:13 Padded Archer Armor
40:15 Ballistics
40:39 Leather Archer Armor
41:48 Two-Man Saw
40:27 Elite Longbowman
41:12 Bracer
41:54 Ring Archer Armor
42:57 Chemistry
42:08 Masonry
41:40 Treadmill Crane
42:05 Siege Engineers
41:57 Murder Holes
43:02 Yeomen
43:52 Conscription
45:11 Gold Shaft Mining
46:00 Guilds
46:25 Architecture
45:42 Arrowslits
46:34 Hoardings
46:35 Capped Ram
53:01 Warwolf
B站胡某怎么还在种田
10:49 Feudal Age
12:07 Double-Bit Axe
14:50 Castle Age
12:57 Horse Collar
14:37 Wheelbarrow
15:52 Bow Saw
15:43 Heavy Plow
22:50 Gold Mining
24:12 Gold Shaft Mining
23:52 Loom
24:54 Stone Mining
25:26 Hand Cart
28:05 Imperial Age
26:22 Scale Mail Armor
26:32 Forging
25:51 Pikeman
26:32 Squires
26:37 Town Watch
27:35 Chain Mail Armor
27:26 Squires
28:28 Iron Casting
27:44 Man-at-Arms
28:11 Capped Ram
28:19 Halberdier
29:01 Long Swordsman
31:10 Blast Furnace
30:41 Fletching
30:58 Siege Engineers
31:14 Ballistics
31:07 Scale Barding Armor
31:10 Ballistas
31:26 Conscription
31:04 Siege Ram
32:14 Heavy Scorpion
34:54 Chemistry
34:33 Crop Rotation
34:44 Comitatenses
34:53 Bloodlines
34:43 Husbandry
35:05 Chain Barding Armor
35:37 Elite Centurion
41:15 Plate Barding Armor
40:37 Bodkin Arrow
41:36 Legionary
47:00 Masonry
Long John Silver
10:33 Feudal Age
14:33 Castle Age
13:10 Double-Bit Axe
13:43 Horse Collar
16:46 Loom
23:00 Gold Mining
23:05 Stone Mining
23:54 Bow Saw
23:54 Heavy Plow
25:30 Wheelbarrow
27:25 Hand Cart
29:52 Imperial Age
28:55 Gold Shaft Mining
28:55 Stone Shaft Mining
28:07 Town Watch
29:24 Stone Shaft Mining
28:50 Scale Mail Armor
29:00 Forging
28:34 Pikeman
29:50 Chain Mail Armor
29:31 Fletching
29:57 Squires
29:43 Arson
29:55 Halberdier
30:58 Conscription
31:41 Chemistry
30:23 Capped Ram
32:20 Siege Engineers
32:14 Siege Ram
34:04 Plate Mail Armor
32:57 Onager
35:21 Siege Onager
38:20 Iron Casting
40:08 Blast Furnace
39:48 Hoardings
39:26 Masonry
39:37 Ballistics
39:14 Bodkin Arrow
Connection lost

Rejoining the realm…

Still unreachable

The connection could not be restored.

Session expired

The server has moved on; the page needs a fresh start.